TOP OF THE 1ST |
Grand Junction Rockies batting - Pitching for Rocky Mountain Vibes : LHP Leo Selkirk
|
Pitching: LHP Leo Selkirk
|
|
Batting: RHB Ricky Barragan
|
0-0: Foul Ball, location: 3F 0-1: Foul Ball, location: 2F 0-2: DOUBLE (Line Drive, 7LS, EV 92.5 MPH)
|
Batting: LHB Nate Rudin
|
0-0: Ball 1-0: Ball 2-0: Called Strike 2-1: Ball 3-1: Foul Ball, location: 3F 3-2: Foul Ball, location: 5F 3-2: 2-RUN HOME RUN (Flyball, 8LXD, EV 101.3 MPH), Distance : 429 ft
|
Batting: RHB Dan Sikora
|
0-0: Ball 1-0: Called Strike 1-1: Called Strike 1-2: Strikes out swinging
|
Batting: LHB Jared Stephenson
|
0-0: SOLO HOME RUN (Flyball, 8LXD, EV 109.4 MPH), Distance : 416 ft
|
Batting: LHB Dan Kline
|
0-0: Ball 1-0: Fly out, F8 (Flyball, 78S, EV 87.5 MPH)
|
Batting: RHB Matt Bosse
|
0-0: Ball 1-0: Foul Ball, location: 23FF 1-1: Ball 2-1: SINGLE (Line Drive, 7S, EV 87.5 MPH)
|
Batting: LHB Mitch Caldwell
|
0-0: Foul Ball, location: 7LMF 0-1: SINGLE (Line Drive, 6MD, EV 94.4 MPH) Matt Bosse to second
|
Batting: RHB Jake Taylor
|
0-0: Foul Ball, location: 25F 0-1: Swinging Strike 0-2: Foul Ball, location: 23F 0-2: Strikes out swinging
|
Top of the 1st over - 3 runs, 5 hits, 0 errors, 2 left on base; Grand Junction 3 - Rocky Mountain 0 |
BOTTOM OF THE 1ST |
Rocky Mountain Vibes batting - Pitching for Grand Junction Rockies : RHP Chris Butler
|
Pitching: RHP Chris Butler
|
|
Batting: RHB Dusty Little
|
0-0: Ball 1-0: Called Strike 1-1: SINGLE (Line Drive, 4D, EV 102.5 MPH)
|
Batting: RHB Erik Richen
|
0-0: Ball 1-0: Swinging Strike 1-1: Fly out, F9 (Line Drive, 9, EV 94.4 MPH)
|
Batting: SHB Joel Warner
|
0-0: Fly out, F9 (Line Drive, 9S, EV 93.1 MPH)
|
Batting: RHB Danny Mitro
|
0-0: Swinging Strike 0-1: Ball 1-1: Swinging Strike 1-2: Foul Ball, location: 2F 1-2: Foul Ball, location: 9LSF 1-2: SINGLE (Line Drive, 34, EV 106.3 MPH) Dusty Little to second
|
Batting: LHB Jonathan Dirks
|
0-0: Called Strike 0-1: Called Strike 0-2: Foul Ball, location: 9LMF 0-2: Foul Ball, location: 2F 0-2: Strikes out swinging
|
Bottom of the 1st over - 0 runs, 2 hits, 0 errors, 2 left on base; Grand Junction 3 - Rocky Mountain 0 |
TOP OF THE 2ND |
Grand Junction Rockies batting - Pitching for Rocky Mountain Vibes : LHP Leo Selkirk
|
Batting: RHB Chris McGrady
|
0-0: Fly out, F7 (Line Drive, 7S, EV 95.0 MPH)
|
Batting: RHB Ricky Barragan
|
0-0: Called Strike 0-1: Swinging Strike 0-2: Ball 1-2: Strikes out swinging
|
Batting: LHB Nate Rudin
|
0-0: Ball 1-0: Ball 2-0: Ball 3-0: Called Strike 3-1: Fly out, F8 (Line Drive, 8RS, EV 83.8 MPH)
|
Top of the 2nd over - 0 runs, 0 hits, 0 errors, 0 left on base; Grand Junction 3 - Rocky Mountain 0 |
BOTTOM OF THE 2ND |
Rocky Mountain Vibes batting - Pitching for Grand Junction Rockies : RHP Chris Butler
|
Batting: RHB Julio Luevano
|
0-0: Ball 1-0: Swinging Strike 1-1: Swinging Strike 1-2: Strikes out swinging
|
Batting: LHB Edwin Jimenez
|
0-0: Called Strike 0-1: SOLO HOME RUN (Flyball, 9LD, EV 98.8 MPH), Distance : 366 ft
|
Batting: RHB Sam Vernon
|
0-0: Called Strike 0-1: Ball 1-1: Ball 2-1: Swinging Strike 2-2: Ball 3-2: Strikes out swinging
|
Batting: SHB Jim Unknown
|
0-0: Ball 1-0: Called Strike 1-1: Called Strike 1-2: Strikes out swinging
|
Bottom of the 2nd over - 1 run, 1 hit, 0 errors, 0 left on base; Grand Junction 3 - Rocky Mountain 1 |
TOP OF THE 3RD |
Grand Junction Rockies batting - Pitching for Rocky Mountain Vibes : LHP Leo Selkirk
|
Batting: RHB Dan Sikora
|
0-0: Ball 1-0: Ball 2-0: Ground out 5-3 (Groundball, 5D, EV 102.5 MPH)
|
Batting: LHB Jared Stephenson
|
0-0: Called Strike 0-1: Foul Ball, location: 2F 0-2: Ball 1-2: Foul Ball, location: 2F 1-2: Ball 2-2: Strikes out swinging
|
Batting: LHB Dan Kline
|
0-0: Ball 1-0: Fly out, F3 (Popup, 3, EV 70.0 MPH)
|
Top of the 3rd over - 0 runs, 0 hits, 0 errors, 0 left on base; Grand Junction 3 - Rocky Mountain 1 |
BOTTOM OF THE 3RD |
Rocky Mountain Vibes batting - Pitching for Grand Junction Rockies : RHP Chris Butler
|
Batting: RHB Dusty Little
|
0-0: Ball 1-0: Called Strike 1-1: SINGLE (Line Drive, 56D, EV 96.3 MPH)
|
Batting: RHB Erik Richen
|
0-0: SINGLE (Line Drive, 89S, EV 92.5 MPH) Dusty Little to second
|
Batting: SHB Joel Warner
|
0-0: Fly out, F6 (Popup, 6MD, EV 50.6 MPH)
|
Batting: RHB Danny Mitro
|
0-0: Swinging Strike 0-1: Ball 1-1: Foul Ball, location: 5F 1-2: Strikes out swinging
|
Batting: LHB Jonathan Dirks
|
0-0: Swinging Strike 0-1: Swinging Strike 0-2: Foul Ball, location: 3FF 0-2: Ball 1-2: Strikes out swinging
|
Bottom of the 3rd over - 0 runs, 2 hits, 0 errors, 2 left on base; Grand Junction 3 - Rocky Mountain 1 |
TOP OF THE 4TH |
Grand Junction Rockies batting - Pitching for Rocky Mountain Vibes : LHP Leo Selkirk
|
Batting: RHB Matt Bosse
|
0-0: Called Strike 0-1: DOUBLE (Line Drive, 7LM, EV 93.1 MPH)
|
Batting: LHB Mitch Caldwell
|
0-0: Fly out, F7 (Flyball, 7LS, EV 85.6 MPH)
|
Batting: RHB Jake Taylor
|
0-0: Ball 1-0: Ball 2-0: Ground out U3 (Groundball, 3S, EV 88.8 MPH) Matt Bosse to third
|
Batting: RHB Chris McGrady
|
0-0: Swinging Strike 0-1: Ball 1-1: Ball 2-1: Ball 3-1: Swinging Strike 3-2: Strikes out swinging
|
Top of the 4th over - 0 runs, 1 hit, 0 errors, 1 left on base; Grand Junction 3 - Rocky Mountain 1 |
BOTTOM OF THE 4TH |
Rocky Mountain Vibes batting - Pitching for Grand Junction Rockies : RHP Chris Butler
|
Batting: RHB Julio Luevano
|
0-0: Ball 1-0: SINGLE (Line Drive, 34D, EV 103.1 MPH)
|
Batting: LHB Edwin Jimenez
|
0-0: Ground out 4-3 (Groundball, 4, EV 89.4 MPH) Julio Luevano to second
|
Batting: RHB Sam Vernon
|
0-0: Ball 1-0: Ball 2-0: Called Strike 2-1: Called Strike 2-2: Strikes out swinging
|
Batting: SHB Jim Unknown
|
0-0: Ball 1-0: Foul Ball, location: 7LMF 1-1: Ball 2-1: Fly out, F8 (Line Drive, 8RD, EV 93.1 MPH)
|
Bottom of the 4th over - 0 runs, 1 hit, 0 errors, 1 left on base; Grand Junction 3 - Rocky Mountain 1 |
TOP OF THE 5TH |
Grand Junction Rockies batting - Pitching for Rocky Mountain Vibes : LHP Leo Selkirk
|
Batting: RHB Ricky Barragan
|
0-0: SINGLE (Groundball, 4MD, EV 102.5 MPH)
|
Batting: LHB Nate Rudin
|
0-0: Ball 1-0: Ball 2-0: Fielders Choice at 2nd, 4-6 (Groundball, 4, EV 81.9 MPH)
|
Batting: RHB Dan Sikora
|
0-0: Called Strike 0-1: Ball 1-1: Ball 2-1: Foul Ball, location: 3FF 2-2: SINGLE (Line Drive, 7LS, EV 93.1 MPH) Nate Rudin to second
|
Batting: LHB Jared Stephenson
|
0-0: Ball 1-0: Ball 2-0: Called Strike 2-1: Foul Ball, location: 2F 2-2: Ball 3-2: Fly out, F7 (Flyball, 7, EV 98.8 MPH)
|
Batting: LHB Dan Kline
|
0-0: Ball 1-0: Called Strike 1-1: Ground out U3 (Groundball, 34, EV 108.1 MPH)
|
Top of the 5th over - 0 runs, 2 hits, 0 errors, 2 left on base; Grand Junction 3 - Rocky Mountain 1 |
BOTTOM OF THE 5TH |
Rocky Mountain Vibes batting - Pitching for Grand Junction Rockies : RHP Chris Butler
|
Batting: RHB Dusty Little
|
0-0: Ball 1-0: Called Strike 1-1: Ball 2-1: Ground out 6-3 (Groundball, 6, EV 105.6 MPH)
|
Batting: RHB Erik Richen
|
0-0: Ball 1-0: Swinging Strike 1-1: Ball 2-1: Ground out 1-3 (Groundball, 13S, EV 76.9 MPH)
|
Batting: SHB Joel Warner
|
0-0: SOLO HOME RUN (Line Drive, 9D, EV 100.0 MPH), Distance : 379 ft
|
Batting: RHB Danny Mitro
|
0-0: Ball 1-0: Called Strike 1-1: Swinging Strike 1-2: SINGLE (Line Drive, 56D, EV 104.4 MPH)
|
Batting: LHB Jonathan Dirks
|
0-0: Called Strike 0-1: Foul Ball, location: 9LDF 0-2: Foul Ball, location: 25FF 0-2: Ball 1-2: Ball 2-2: SINGLE (Flyball, 89S, EV 93.1 MPH) Danny Mitro to second
|
Batting: RHB Julio Luevano
|
0-0: Called Strike 0-1: Foul Ball, location: 7LMF 0-2: Fly out, F8 (Line Drive, 8LM, EV 90.0 MPH)
|
Bottom of the 5th over - 1 run, 3 hits, 0 errors, 2 left on base; Grand Junction 3 - Rocky Mountain 2 |
TOP OF THE 6TH |
Grand Junction Rockies batting - Pitching for Rocky Mountain Vibes : LHP Leo Selkirk
|
Batting: RHB Matt Bosse
|
0-0: Ball 1-0: Called Strike 1-1: Foul Ball, location: 3SF 1-2: SINGLE (Groundball, 6MD, EV 102.5 MPH)
|
Batting: LHB Mitch Caldwell
|
0-0: Fly out, F9 (Line Drive, 9S, EV 85.0 MPH)
|
Batting: RHB Jake Taylor
|
0-0: Called Strike 0-1: Ball 1-1: Called Strike 1-2: Strikes out looking
|
Batting: RHB Chris McGrady
|
0-0: SINGLE (Line Drive, 5D, EV 95.6 MPH) Matt Bosse to second
|
Pitching: RHP Nate Roscoe
|
|
Batting: RHB Ricky Barragan
|
0-0: Foul Ball, location: 5FF 0-1: Ball 1-1: Called Strike 1-2: Ball 2-2: Foul Ball, location: 3SF 2-2: Fielders Choice at 2nd, 6-4 (Groundball, 6, EV 87.5 MPH)
|
Top of the 6th over - 0 runs, 2 hits, 0 errors, 2 left on base; Grand Junction 3 - Rocky Mountain 2 |
BOTTOM OF THE 6TH |
Rocky Mountain Vibes batting - Pitching for Grand Junction Rockies : RHP Chris Butler
|
Batting: LHB Edwin Jimenez
|
0-0: Ball 1-0: Ball 2-0: Ball 3-0: Base on Balls
|
Pitching: RHP Shaun Snyder
|
|
Batting: RHB Sam Vernon
|
0-0: Ball 1-0: Swinging Strike 1-1: Swinging Strike 1-2: Ball 2-2: Foul Ball, location: 9LMF 2-2: Ball 3-2: DOUBLE (Flyball, 89D, EV 96.3 MPH) Edwin Jimenez to third
|
Batting: SHB Jim Unknown
|
0-0: Fielders Choice at home, 6-2 (Groundball, 6, EV 100.0 MPH) Sam Vernon to third
|
Batting: RHB Dusty Little
|
0-0: Ball 1-0: Foul Ball, location: 5F 1-1: Foul Ball, location: 2F 1-2: Ball 2-2: DOUBLE (Groundball, 5L, EV 101.3 MPH) Sam Vernon scores Jim Unknown to third
|
Batting: RHB Erik Richen
|
0-0: Ball 1-0: Foul Ball, location: 3F 1-1: Ball 2-1: SINGLE (Groundball, 4MD, EV 103.1 MPH) Jim Unknown scores Dusty Little to third
|
Batting: SHB Joel Warner
|
0-0: Called Strike 0-1: Called Strike 0-2: Ball 1-2: Ball 2-2: Foul Ball, location: 5F 2-2: Ball 3-2: Fly out, F9 (Flyball, 9D, EV 100.6 MPH) Runner from 3rd tags up, SCORES, no throw by RF
|
Batting: RHB Danny Mitro
|
0-0: Called Strike 0-1: Ball 1-1: Ball 2-1: Foul Ball, location: 9LMF 2-2: Ball 3-2: Base on Balls Erik Richen to second
|
Batting: LHB Jonathan Dirks
|
0-0: Called Strike 0-1: Called Strike 0-2: Fly out, F7 (Flyball, 7LSF, EV 79.4 MPH)
|
Bottom of the 6th over - 3 runs, 3 hits, 0 errors, 2 left on base; Grand Junction 3 - Rocky Mountain 5 |
TOP OF THE 7TH |
Grand Junction Rockies batting - Pitching for Rocky Mountain Vibes : RHP Nate Roscoe
|
Batting: LHB Nate Rudin
|
0-0: Ball 1-0: Swinging Strike 1-1: Ball 2-1: Called Strike 2-2: SINGLE (Line Drive, 89S, EV 90.6 MPH)
|
Batting: RHB Dan Sikora
|
0-0: Fly out, F7 (Line Drive, 7, EV 87.5 MPH)
|
Batting: LHB Jared Stephenson
|
0-0: Ball 1-0: Ball 2-0: Called Strike Nate Rudin is caught stealing 2nd base 2-6 2-1: Fly out, F9 (Flyball, 89M, EV 92.5 MPH)
|
Top of the 7th over - 0 runs, 1 hit, 0 errors, 0 left on base; Grand Junction 3 - Rocky Mountain 5 |
BOTTOM OF THE 7TH |
Rocky Mountain Vibes batting - Pitching for Grand Junction Rockies : RHP Shaun Snyder
|
Pitching: RHP Dan Williams
|
|
Batting: RHB Julio Luevano
|
0-0: Ball 1-0: Called Strike 1-1: Called Strike 1-2: SINGLE (Groundball, 34D, EV 106.9 MPH)
|
Batting: LHB Edwin Jimenez
|
0-0: 2-RUN HOME RUN (Flyball, 7LD, EV 91.3 MPH), Distance : 358 ft
|
Batting: RHB Sam Vernon
|
0-0: Called Strike 0-1: Ball 1-1: SINGLE (Line Drive, 89S, EV 105.6 MPH)
|
Batting: SHB Jim Unknown
|
0-0: Called Strike 0-1: Fly out, F8 (Flyball, 8LM, EV 94.4 MPH)
|
Batting: RHB Dusty Little
|
0-0: Called Strike 0-1: Swinging Strike 0-2: SINGLE (Line Drive, 4D, EV 96.9 MPH) Sam Vernon to second
|
Batting: RHB Erik Richen
|
0-0: Called Strike 0-1: Grounds into double play, 6-4-3 (Groundball, 6, EV 106.9 MPH)
|
Bottom of the 7th over - 2 runs, 4 hits, 0 errors, 1 left on base; Grand Junction 3 - Rocky Mountain 7 |
TOP OF THE 8TH |
Grand Junction Rockies batting - Pitching for Rocky Mountain Vibes : RHP Nate Roscoe
|
Batting: LHB Dan Kline
|
0-0: Ball 1-0: Fly out, F2 (Popup, 2L, EV 93.1 MPH)
|
Batting: RHB Matt Bosse
|
0-0: TRIPLE (Groundball, 3L, EV 102.5 MPH)
|
Batting: LHB Mitch Caldwell
|
0-0: Foul Ball, location: 5F 0-1: Ball 1-1: DOUBLE (Line Drive, 3D, EV 95.6 MPH) Matt Bosse scores
|
Batting: RHB Jake Taylor
|
0-0: Called Strike 0-1: Called Strike 0-2: Foul Ball, location: 2F 0-2: Ball 1-2: Ball 2-2: Fly out, F7 (Flyball, 78M, EV 90.0 MPH)
|
Batting: RHB Chris McGrady
|
0-0: Reached on error, E9 (Flyball, 9LS, EV 75.6 MPH) Mitch Caldwell scores
|
Batting: RHB Ricky Barragan
|
0-0: Called Strike 0-1: Called Strike 0-2: 2-RUN HOME RUN (Flyball, 9D, EV 96.9 MPH), Distance : 371 ft
|
Pitching: RHP Gene Thompson
|
|
Batting: LHB Nate Rudin
|
0-0: Foul Ball, location: 2F 0-1: Called Strike 0-2: Ground out 4-3 (Groundball, 34, EV 82.5 MPH)
|
Top of the 8th over - 4 runs, 3 hits, 1 error, 0 left on base; Grand Junction 7 - Rocky Mountain 7 |
BOTTOM OF THE 8TH |
Rocky Mountain Vibes batting - Pitching for Grand Junction Rockies : RHP Dan Williams
|
Batting: SHB Joel Warner
|
0-0: Ball 1-0: Called Strike 1-1: Fly out, F7 (Flyball, 7S, EV 83.8 MPH)
|
Pitching: RHP Butch Smits
|
|
Batting: RHB Danny Mitro
|
0-0: Called Strike 0-1: Ball 1-1: SINGLE (Line Drive, 34D, EV 96.3 MPH)
|
Pitching: LHP Ismael de la Torre
|
|
Pinch Hitting: RHB Tim Boll
|
0-0: Fly out, F7 (Flyball, 7, EV 86.3 MPH)
|
Pitching: RHP Willis Carvajal
|
|
Batting: RHB Julio Luevano
|
0-0: Called Strike 0-1: Foul Ball, location: 2F 0-2: Strikes out swinging
|
Bottom of the 8th over - 0 runs, 1 hit, 0 errors, 1 left on base; Grand Junction 7 - Rocky Mountain 7 |
TOP OF THE 9TH |
Grand Junction Rockies batting - Pitching for Rocky Mountain Vibes : RHP Gene Thompson
|
Now in LF: Dusty Little
|
|
Now in CF: Tim Boll
|
|
Pinch Hitting: LHB Mike Richardson
|
0-0: Called Strike 0-1: Foul Ball, location: 3F 0-2: Fly out, F7 (Flyball, 7S, EV 75.6 MPH)
|
Batting: LHB Jared Stephenson
|
0-0: Ball 1-0: Ground out 4-3 (Groundball, 34, EV 100.0 MPH)
|
Batting: LHB Dan Kline
|
0-0: Ball 1-0: Called Strike 1-1: Called Strike 1-2: Strikes out swinging
|
Top of the 9th over - 0 runs, 0 hits, 0 errors, 0 left on base; Grand Junction 7 - Rocky Mountain 7 |
BOTTOM OF THE 9TH |
Rocky Mountain Vibes batting - Pitching for Grand Junction Rockies : RHP Willis Carvajal
|
Pitching: RHP J.D. Carbone
|
|
Now at C: Mike Cavanaugh
|
|
Batting: LHB Edwin Jimenez
|
0-0: Swinging Strike 0-1: Ball 1-1: Ball 2-1: Ground out 4-3 (Groundball, 4S, EV 89.4 MPH)
|
Batting: RHB Sam Vernon
|
0-0: Called Strike 0-1: Ball 1-1: Ground out 4-3 (Groundball, 4, EV 84.4 MPH)
|
Pinch Hitting: LHB Dan Blissett
|
0-0: Called Strike 0-1: Foul Ball, location: 25F 0-2: Strikes out swinging
|
Bottom of the 9th over - 0 runs, 0 hits, 0 errors, 0 left on base; Grand Junction 7 - Rocky Mountain 7 |
TOP OF THE 10TH |
Grand Junction Rockies batting - Pitching for Rocky Mountain Vibes : RHP Gene Thompson
|
Pitching: RHP Manny Sanchez
|
|
Now at C: Jim Unknown
|
|
Batting: RHB Matt Bosse
|
0-0: Called Strike 0-1: Ball 1-1: Ball 2-1: SINGLE (Groundball, 4D, EV 100.0 MPH)
|
Batting: LHB Mitch Caldwell
|
0-0: Ball Wild Pitch! Matt Bosse to second 1-0: Ball 2-0: Bunted foul 2-1: Bunted foul 2-2: Ground out U3 (Groundball, 34S, EV 86.9 MPH) Matt Bosse to third
|
Batting: RHB Jake Taylor
|
0-0: Ball 1-0: Foul Ball, location: 2F 1-1: Foul Ball, location: 2F 1-2: Ball 2-2: Foul Ball, location: 25FF 2-2: Strikes out swinging
|
Pinch Hitting: RHB Jon Courtney
|
0-0: Intentional Walk
|
Batting: RHB Ricky Barragan
|
0-0: Foul Ball, location: 9LSF 0-1: Ball 1-1: Called Strike 1-2: Ball 2-2: Ground out 6-3 (Groundball, 6M, EV 88.1 MPH)
|
Top of the 10th over - 0 runs, 1 hit, 0 errors, 2 left on base; Grand Junction 7 - Rocky Mountain 7 |
BOTTOM OF THE 10TH |
Rocky Mountain Vibes batting - Pitching for Grand Junction Rockies : RHP J.D. Carbone
|
Now at 3B: Jerry Mendez
|
|
Batting: RHB Dusty Little
|
0-0: Called Strike 0-1: Foul Ball, location: 2RF 0-2: Ball 1-2: Foul Ball, location: 3SF 1-2: Ball 2-2: Foul Ball, location: 9LMFF 2-2: Foul Ball, location: 5F 2-2: DOUBLE (Line Drive, 89XD, EV 96.9 MPH)
|
Batting: RHB Erik Richen
|
0-0: Called Strike 0-1: Called Strike 0-2: Ball 1-2: SINGLE (Line Drive, 4MD, EV 98.8 MPH) Dusty Little to third
|
Batting: SHB Joel Warner
|
0-0: Fielders Choice at 2nd, 2-6 (Groundball, 13S, EV 63.8 MPH)
|
Batting: RHB Danny Mitro
|
0-0: Called Strike 0-1: Called Strike 0-2: Strikes out swinging
|
Batting: RHB Tim Boll
|
0-0: Ball 1-0: Foul Ball, location: 7LMF 1-1: Ball 2-1: Fly out, F3 (Popup, 34S, EV 80.0 MPH)
|
Bottom of the 10th over - 0 runs, 2 hits, 0 errors, 2 left on base; Grand Junction 7 - Rocky Mountain 7 |
TOP OF THE 11TH |
Grand Junction Rockies batting - Pitching for Rocky Mountain Vibes : RHP Manny Sanchez
|
Now at 2B: Tommy Cater
|
|
Batting: LHB Nate Rudin
|
0-0: Foul Ball, location: 2LF 0-1: Foul Ball, location: 2F 0-2: Strikes out looking
|
Batting: SHB Mike Cavanaugh
|
0-0: Foul Ball, location: 23FF 0-1: Foul Ball, location: 2F 0-2: Foul Ball, location: 23F 0-2: Ball 1-2: Ball 2-2: Foul Ball, location: 2F 2-2: Ball 3-2: Strikes out swinging
|
Batting: LHB Jared Stephenson
|
0-0: Ball 1-0: Foul Ball, location: 2F 1-1: Swinging Strike 1-2: Strikes out looking
|
Top of the 11th over - 0 runs, 0 hits, 0 errors, 0 left on base; Grand Junction 7 - Rocky Mountain 7 |
BOTTOM OF THE 11TH |
Rocky Mountain Vibes batting - Pitching for Grand Junction Rockies : RHP J.D. Carbone
|
Pitching: RHP Joe DuFour
|
|
Batting: RHB Julio Luevano
|
0-0: DOUBLE (Flyball, 8RXD, EV 106.3 MPH)
|
Batting: LHB Edwin Jimenez
|
0-0: Intentional Walk
|
Batting: RHB Sam Vernon
|
0-0: Swinging Strike Passed Ball! Julio Luevano to third Edwin Jimenez to second 0-1: SINGLE (Groundball, 4, EV 101.9 MPH) (infield hit) Julio Luevano scores
|
Bottom of the 11th over - 1 run, 2 hits, 0 errors, 2 left on base; Grand Junction 7 - Rocky Mountain 8 |
|